 Dungeon Crawl Stone Soup version 0.21-a0-529-g8c7b3f5 (webtiles) character file.

61686 slep the Cleaver (level 15, 0/83 HPs)
             Began as a Vine Stalker Gladiator on Dec 12, 2017.
             Was the Champion of Okawaru.
             Slain by a seven-headed hydra (19 damage)
             ... on level 4 of the Lair of Beasts.
             The game lasted 02:29:25 (17246 turns).

slep the Cleaver (Vine Stalker Gladiator)          Turns: 17246, Time: 02:29:25

Health: 0/83       AC: 20    Str: 17    XL:     15   Next: 3%
Magic:  0/16       EV: 11    Int: 10    God:    Okawaru [******]
Gold:   1179       SH:  0    Dex: 16    Spells: 14/14 levels left

rFire    + . .     SeeInvis +   I - +1 scimitar (flame)
rCold    + . .     Gourm    +   p - +0 buckler
rNeg     . . .     Faith    .   c - +1 chain mail "Kayxawn" {rC+}
rPois    .         Spirit   +   b - +2 helmet {SInv}
rElec    .         Reflect  .   Q - scarf {repulsion}
rCorr    .         Harm     .   x - +0 pair of gloves {archery}
MR       +....                  R - +0 pair of boots
Stlth    +.........             X - amulet of the gourmand
HPRegen  1.03/turn              W - ring of Propriety {Int+2 Stlth+}
MPRegen  0.15/turn              O - +4 ring of protection

@: sleeping, repel missiles
A: claws 2, fangs 3, hooves 1, large bone plates 1, rugged brown scales 1, thin
metallic scales 1, clumsy 1, deformed body, fire resistance 1, regeneration 2,
weak 2, magic shield, antimagic bite, no potion heal 3, rot immunity
a: Heroism, Finesse, Renounce Religion


You were on level 4 of the Lair of Beasts.
You worshipped Okawaru.
Okawaru was exalted by your worship.
You were not hungry.

You visited 3 branches of the dungeon, and saw 20 of its levels.
You also visited: Labyrinth.

You collected 1179 gold pieces.

Inventory:

Hand Weapons
 a - the +4 war axe of the Ten Stories {holy, SInv}
   (You found it on level 10 of the Dungeon)

   It has been blessed by the Shining One to cause great damage to the undead
   and demons.
   It lets you see invisible.
 C - the +1 war axe of Zeerph {freeze, *Noise MR+ Str+2}
   (Okawaru gifted it to you on level 10 of the Dungeon)

   It has been specially enchanted to freeze those struck by it, causing extra
   injury to most foes and up to half again as much damage against particularly
   susceptible opponents.
   It can also slow down cold-blooded creatures.
   It affects your strength (+2).
   It affects your resistance to hostile enchantments.
   It may make noises in combat.
 I - a +1 scimitar of flaming (weapon)
 S - a +0 blowgun
 U - the +3 hand axe of the Hero {drain, rC+++ Str-5 Dex-2 SInv}
   (You took it off a crimson imp on level 11 of the Dungeon)

   A truly terrible weapon, it drains the life of those it strikes.
   It affects your strength (-5).
   It affects your dexterity (-2).
   It renders you almost immune to cold.
   It lets you see invisible.
Missiles
 l - 3 tomahawks of returning
 y - 10 poisoned needles
 L - 2 poisoned javelins (quivered)
 V - 3 tomahawks of dispersal
Armour
 b - a +2 helmet of see invisible (worn)
 c - the +1 chain mail "Kayxawn" (worn) {rC+}
   (Okawaru gifted it to you on level 15 of the Dungeon)

   It protects you from cold.
 p - a +0 buckler (worn)
 x - a +0 pair of gloves of archery (worn)
 H - a +0 cloak
 Q - a scarf of repulsion (worn)
 R - a +0 pair of boots (worn)
 Z - a +2 leather armour of fire resistance
Jewellery
 s - a +3 amulet of reflection
 O - a +4 ring of protection (right hand)
 T - an uncursed ring of resist corrosion
 W - the ring of Propriety (left hand) {Int+2 Stlth+}
   (You found it on level 13 of the Dungeon)

   [ring of stealth]

   It affects your intelligence (+2).
   It makes you more stealthy.
 X - an amulet of the gourmand (around neck)
Wands
 r - a wand of flame (29)
 D - a wand of paralysis (17)
 K - a wand of enslavement (15)
Scrolls
 d - a scroll of silence {unknown}
 e - a scroll of immolation {unknown}
 g - 2 scrolls of fear {unknown}
 j - 9 scrolls of teleportation {unknown}
 k - 6 scrolls of fog {unknown}
 n - 9 scrolls of identify
 v - 2 scrolls of random uselessness {unknown}
 w - 5 scrolls of remove curse
 z - 2 scrolls of enchant weapon {unknown}
 A - 4 scrolls of magic mapping {unknown}
 F - 2 scrolls of amnesia {unknown}
 J - a scroll of vulnerability {unknown}
 M - a scroll of summoning {unknown}
 N - 4 scrolls of enchant armour {unknown}
Potions
 h - 8 potions of flight
 m - 7 potions of curing
 o - 4 potions of cancellation
 u - a potion of brilliance
 B - 2 potions of haste
 G - a potion of lignification
 P - 3 potions of agility
Miscellaneous
 E - a lightning rod (2/4)
Comestibles
 f - 11 bread rations
 i - 19 meat rations
 q - 8 royal jellies
 t - 3 fruits


   Skills:
 + Level 10.4 Fighting
 + Level 2.1 Long Blades
 + Level 14.8(14.9) Axes
   Level 2.6(10.3) Maces & Flails
 + Level 5.3 Throwing
 + Level 6.9 Armour
 + Level 7.1 Dodging
 + Level 5.2 Stealth
 + Level 9.1 Shields
 + Level 1.2 Evocations


You had 14 spell levels left.
You didn't know any spells.

Dungeon Overview and Level Annotations

Branches:
Dungeon (15/15)            Temple (0/1) D:7            Lair (4/6) D:11
 Spider (0/4) Lair:2          Orc (0/2) D:10         Depths (1/5) D:15
  Swamp: Lair:2-4    Shoals: Lair:2-4    Vaults: D:13-14

Altars:
Hepliaklqana
Kikubaaqudgha
Okawaru
Sif Muna
Xom
The Shining One
Beogh

Shops:
D:4 *


Innate Abilities, Weirdness & Mutations

You have razor-sharp teeth.
You heal very quickly.
When hurt, damage is shared between your health and your magic reserves.
Your bite disrupts and absorbs the magic of your enemies.
Potions cannot restore your health.
You are immune to rotting.
You have very sharp fingernails.
You have large cloven feet.
You are partially covered in large bone plates. (SH +4)
You are partially covered in rugged brown scales. (AC +1, +3% HP)
You are partially covered in thin metallic scales. (AC +2)
You are clumsy. (Dex -2)
Armour fits poorly on your strangely shaped body.
Your flesh is heat resistant. (rF+)
You are very weak. (Str -4)


Message History

The seven-headed hydra bites you.
* * * LOW HITPOINT WARNING * * *
You block the seven-headed hydra's attack.
The seven-headed hydra bites you!
* * * LOW HITPOINT WARNING * * *
The seven-headed hydra bites you but does no damage.
The seven-headed hydra closely misses you.
The seven-headed hydra bites you but does no damage.
The seven-headed hydra barely misses you. x2
The seven-headed hydra misses you.
Evoke which item? (* to show all) (? for menu, Esc to quit)
Evoke which item? (* to show all) (? for menu, Esc to quit)
Evoke which item? (* to show all) (? for menu, Esc to quit)
Okay, then.
You see here 28 stones.
The dream sheep shake their wool and sparkle.
You feel drowsy...
You fall asleep.
The seven-headed hydra barely misses you.
The seven-headed hydra bites you!!
You die...

.......##.## #.. ###
........### ##.# #.....###
##.## #.##.†.# ###.#..#
......#####..##..## ### ..
........##.#......# #.###....
......##.>........###Y.......
....^.....P........YY†#
........####....@D..###
......## #(...)..### ......#
##......# ....... #......#
...... #>.....# ... ########


You could see a seven-headed hydra and 3 dream sheep.

Vanquished Creatures
  An entropy weaver (shapeshifter) (D:15)
  A minotaur (Lab)
  A great orb of eyes (shapeshifter) (D:15)
  5 hydras
  3 centaur warriors
  Erica (Lair:1)
  The ghost of schets the Fighter, a novice MiFi of Okawaru (D:10)
  An ogre mage (D:15)
  7 two-headed ogres
  The ghost of bande the Blocker, a novice MiBe of Trog (D:7)
  A death drake (shapeshifter) (D:15)
  An unseen horror (D:13)
  Pikel (D:8)
  A wolf spider zombie (D:12)
  A wolf spider (Lair:2)
  A deep elf mage (D:15)
  6 manticores
  3 cyclopes
  15 ugly things
  2 black mambas (Lair:3)
  6 elephants (Lair:4)
  8 spiny frogs
  A rime drake (Lair:2)
  A kobold demonologist (D:13)
  6 komodo dragons
  An efreet (D:14)
  2 ice devils (Lair:3)
  4 trolls
  A wolf spider simulacrum (D:15)
  A jumping spider (shapeshifter) (D:15)
  Grinder (D:5)
  A polar bear (Lair:3)
  12 slime creatures
  The ghost of TySteely the Chiller, an amateur DsIE of Kikubaaqudgha (D:4)
  4 hippogriffs
  4 dream sheep (Lair:4)
  A shadow (D:15)
  4 wyverns
  36 yaks
  5 basilisks
  A hog (shapeshifter) (D:13)
  2 wraiths
  Menkaure (D:7)
  2 hungry ghosts
  A steam dragon (D:10)
  Edmund (D:4)
  2 soldier ants (D:14)
  2 acid dragons
  6 water moccasins
  7 porcupines
  3 orc warriors
  5 sky beasts
  An eye of draining (D:14)
  2 black bears
  7 ice beasts
  2 slaves (D:8)
  5 boggarts
  3 phantoms
  2 necrophages
  An ogre (shapeshifter) (D:15)
  11 ogres
  2 crocodiles (Lair:1)
  19 centaurs
  9 wolves
  3 big kobolds
  Blork the orc (D:4)
  21 bullfrogs
  A water moccasin zombie (D:6)
  A wyvern zombie (D:12)
  2 scorpions
  10 killer bees
  An electric eel (Lair:3)
  6 howler monkeys
  7 wights (D:12)
  A vampire bat (Lair:4)
  9 crimson imps
  5 bullfrog zombies
  3 quasits
  3 bullfrog skeletons
  6 centaur zombies
  5 hounds
  2 centaur skeletons
  A jelly (D:7)
  14 orc wizards
  13 orc priests
  4 iguanas
  Ijyb (D:3)
  Terence (D:3)
  10 worker ants
  A killer bee zombie (D:6)
  2 hound zombies
  2 hound skeletons
  Robin (D:2)
  2 howler monkey zombies (D:6)
  2 worker ant zombies
  4 gnolls (D:9)
  9 adders
  6 shadow imps
  An adder skeleton (D:6)
  3 adder zombies
  2 worms (D:2)
  5 dart slugs
  2 leopard geckos
  55 orcs
  14 bats
  5 giant cockroaches
  7 hobgoblins
  12 jackals
  6 quokkas
  2 ball pythons
  5 frilled lizards
  A giant cockroach zombie (D:6)
  12 goblins
  A jackal skeleton (D:7)
  21 kobolds
  2 leopard gecko skeletons (D:6)
  A leopard gecko zombie (D:6)
  2 quokka zombies
  9 rats
  2 plants
581 creatures vanquished.

Vanquished Creatures (others)
  A manticore (D:14)
  An orc (D:9)
  A kobold (D:10)
  A plant (Lair:4)
4 creatures vanquished.

Grand Total: 585 creatures vanquished

Notes
Turn   | Place    | Note
-------+----------+-------------------------------------------
     0 | D:1      | slep the Vine Stalker Gladiator began the quest for the Orb.
     0 | D:1      | Reached XP level 1. HP: 11/11 MP: 2/2
    64 | D:1      | Reached skill level 3 in Axes
   162 | D:1      | Reached XP level 2. HP: 11/15 MP: 3/3
   438 | D:1      | Reached XP level 3. HP: 18/18 MP: 4/4
   978 | D:2      | Found a shimmering altar of Xom.
   984 | D:2      | Found an iron altar of Okawaru.
   984 | D:2      | Found a hazy altar of Hepliaklqana.
  1000 | D:2      | Became a worshipper of Warmaster Okawaru
  1086 | D:2      | Noticed Robin
  1090 | D:2      | Gained mutation: Your natural rate of healing is unusually fast. [Vine Stalker growth]
  1090 | D:2      | Reached XP level 4. HP: 23/23 MP: 5/5
  1101 | D:2      | Reached skill level 1 in Stealth
  1121 | D:2      | Killed Robin
  1293 | D:3      | Noticed Terence
  1305 | D:3      | Killed Terence
  1305 | D:3      | Reached skill level 4 in Axes
  1404 | D:3      | Reached XP level 5. HP: 25/26 MP: 6/6
  1670 | D:3      | Found an ancient bone altar of Kikubaaqudgha.
  1811 | D:3      | Noticed Ijyb
  1821 | D:3      | Paralysed by Ijyb for 5 turns
  1832 | D:3      | Killed Ijyb
  1832 | D:3      | Reached skill level 1 in Armour
  1915 | D:3      | Found a deep blue altar of Sif Muna.
  2015 | D:4      | Noticed Blork the orc
  2018 | D:4      | Noticed TySteely's ghost (amateur DsIE)
  2047 | D:3      | Gained mutation: You possess an exceptional clarity of mind. [potion of mutation]
  2047 | D:3      | Gained mutation: You evolve. [potion of mutation]
  2047 | D:3      | Gained mutation: Your muscles are strong. (Str +2) [potion of mutation]
  2054 | D:4      | Killed Blork the orc
  2054 | D:4      | Reached XP level 6. HP: 27/32 MP: 4/7
  2061 | D:4      | Killed TySteely's ghost
  2061 | D:4      | Reached * piety under Okawaru
  2061 | D:4      | Reached skill level 5 in Axes
  2061 | D:4      | Reached skill level 1 in Shields
  2061 | D:4      | Reached XP level 7. HP: 16/35 MP: 8/8
  2316 | D:4      | Found Quive's Assorted Antiques.
  2319 | D:4      | Reached ** piety under Okawaru
  2511 | D:4      | Reached skill level 6 in Axes
  2537 | D:4      | Noticed Edmund
  2547 | D:4      | Killed Edmund
  2547 | D:4      | Gained mutation: You have razor-sharp teeth. [Vine Stalker growth]
  2547 | D:4      | Reached XP level 8. HP: 40/40 MP: 9/9
  2617 | D:5      | Entered Level 5 of the Dungeon
  2753 | D:5      | Gained mutation: You have a pair of small horns on your head. [evolution]
  2771 | D:5      | Found a glowing golden altar of the Shining One.
  2884 | D:5      | Noticed Grinder
  2892 | D:5      | Paralysed by Grinder for 6 turns
  2901 | D:6      | Reached *** piety under Okawaru
  2901 | D:6      | Reached skill level 7 in Axes
  2918 | D:5      | Killed Grinder
  2986 | D:5      | Reached XP level 9. HP: 41/46 MP: 10/10
  3269 | D:6      | Found an iron altar of Okawaru.
  3384 | D:6      | Received a gift from Okawaru
  3562 | D:6      | Reached skill level 8 in Axes
  3758 | D:6      | Reached **** piety under Okawaru
  3877 | D:6      | Reached skill level 5 in Fighting
  4139 | D:7      | Gained mutation: Your mind is acute. (Int +2) [mutagenic meat]
  4141 | D:7      | Gained mutation: You are partially covered in yellow scales. (AC +2) [mutagenic meat]
  4143 | D:7      | Gained mutation: Your body sometimes deteriorates upon taking damage. [mutagenic meat]
  4144 | D:7      | Gained mutation: You are partially covered in rugged brown scales. (AC +1, +3% HP) [mutagenic meat]
  4240 | D:7      | Found a staircase to the Ecumenical Temple.
  4289 | D:7      | Reached skill level 9 in Axes
  4296 | D:7      | Reached XP level 10. HP: 4/52 MP: 3/11
  4431 | D:7      | Noticed bande's ghost (novice MiBe)
  4440 | D:7      | Identified a scroll of acquirement
  4488 | D:7      | Found a deep blue altar of Sif Muna.
  4523 | D:7      | Noticed Menkaure
  4529 | D:7      | Killed Menkaure
  4678 | D:7      | Killed bande's ghost
  4678 | D:7      | Reached ***** piety under Okawaru
  5085 | D:8      | Noticed Pikel
  5097 | D:8      | Killed Pikel
  5097 | D:8      | Received a gift from Okawaru
  5243 | D:8      | Noticed a two-headed ogre
  5248 | D:8      | Killed a two-headed ogre
  5248 | D:8      | Reached skill level 10 in Axes
  5634 | D:9      | Reached XP level 11. HP: 55/59 MP: 12/12
  5662 | D:9      | Received a gift from Okawaru
  5662 | D:9      | Reached skill level 5 in Armour
  5665 | D:9      | Found a roughly hewn altar of Beogh.
  6317 | D:10     | Entered Level 10 of the Dungeon
  6319 | D:10     | Noticed schets's ghost (novice MiFi)
  6542 | D:10     | Reached skill level 5 in Dodging
  6732 | D:10     | Noticed a cyclops
  6735 | D:10     | Killed a cyclops
  6778 | D:10     | Killed schets's ghost
  6862 | D:10     | Found a staircase to the Orcish Mines.
  6988 | D:10     | Noticed a cyan ugly thing
  6999 | D:10     | Killed a cyan ugly thing
  6999 | D:10     | Received a gift from Okawaru
  6999 | D:10     | Reached skill level 11 in Axes
  7000 | D:10     | Got a slimy war axe {god gift}
  7001 | D:10     | Identified the +1 war axe of Zeerph {freeze, *Noise MR+ Str+2} (Okawaru gifted it to you on level 10 of the Dungeon)
  7005 | D:10     | Lost mutation: Your muscles are strong. (Str +2) [mutagenic meat]
  7018 | D:10     | Noticed a two-headed ogre
  7026 | D:10     | Killed a two-headed ogre
  7026 | D:10     | Reached ****** piety under Okawaru
  7026 | D:10     | Reached skill level 1 in Maces & Flails
  7094 | D:10     | Gained mutation: You are partially covered in large bone plates. (SH +4) [evolution]
  7094 | D:10     | Lost mutation: You evolve. [end of evolution]
  7378 | D:10     | Got a steaming war axe
  7379 | D:10     | Identified the +4 war axe of the Ten Stories {holy, SInv} (You found it on level 10 of the Dungeon)
  7399 | D:11     | Noticed a purple ugly thing
  7408 | D:11     | Killed a purple ugly thing
  7408 | D:11     | Reached skill level 5 in Shields
  7422 | D:11     | Gained mutation: You are weak. (Str -2) [mutagenic meat]
  7439 | D:11     | Noticed a manticore
  7463 | D:11     | Got an iridescent hand axe {drain}
  7464 | D:11     | Identified the +3 hand axe of the Hero {drain, rC+++ Str-5 Dex-2 SInv} (You took it off a crimson imp on level 11 of the Dungeon)
  7547 | D:11     | Noticed a cyclops
  7564 | D:11     | Killed a manticore
  7569 | D:11     | Killed a cyclops
  7569 | D:11     | Received a gift from Okawaru
  7740 | D:11     | Gained mutation: You heal very quickly. [Vine Stalker growth]
  7740 | D:11     | Reached XP level 12. HP: 64/64 MP: 13/13
  7800 | D:11     | Found a staircase to the Lair.
  8411 | D:12     | Reached skill level 12 in Axes
  8934 | D:13     | Noticed a centaur warrior
  8946 | D:13     | Killed a centaur warrior
  8971 | D:13     | Lost mutation: You possess an exceptional clarity of mind. [mutagenic meat]
  8972 | D:13     | Gained mutation: You are very weak. (Str -4) [mutagenic meat]
  8973 | D:13     | Lost mutation: You are very weak. (Str -4) [mutagenic meat]
  8976 | D:13     | Gained mutation: Scrolls take you a little longer to read. [mutagenic meat]
  8998 | D:13     | Got a vibrating jade ring
  9000 | D:13     | Identified the ring of Propriety {Int+2 Stlth+} (You found it on level 13 of the Dungeon)
  9012 | D:13     | Noticed a centaur warrior
  9021 | D:13     | Killed a centaur warrior
  9062 | D:13     | Noticed an eight-headed hydra
  9201 | D:13     | Noticed a vault guard
  9201 | D:13     | Noticed a vault guard
  9291 | D:13     | Noticed a five-headed hydra
  9298 | D:13     | Killed a five-headed hydra
  9383 | D:13     | Noticed a soul eater
  9394 | D:13     | Noticed a sun demon
  9397 | D:13     | Received a gift from Okawaru
  9414 | D:13     | Lost mutation: You are weak. (Str -2) [mutagenic meat]
  9415 | D:13     | Gained mutation: You have sharp fingernails. [mutagenic meat]
  9418 | D:13     | Lost mutation: Scrolls take you a little longer to read. [mutagenic meat]
  9525 | D:14     | Noticed a two-headed ogre
  9535 | D:14     | Killed a two-headed ogre
  9535 | D:14     | Reached skill level 5 in Stealth
  9581 | D:14     | Reached XP level 13. HP: 70/70 MP: 14/14
  9650 | D:14     | You fall through a shaft!
  9650 | D:15     | Entered Level 15 of the Dungeon
  9727 | D:15     | Reached skill level 5 in Throwing
  9747 | D:15     | Gained mutation: You occasionally shout uncontrollably at your foes. [mutagenic meat]
  9825 | D:15     | Reached skill level 13 in Axes
 10286 | D:14     | Lost mutation: You are partially covered in yellow scales. (AC +2) [mutagenic meat]
 10342 | D:15     | Gained mutation: Scrolls take you a little longer to read. [mutagenic meat]
 10345 | D:15     | Lost mutation: Scrolls take you a little longer to read. [mutagenic meat]
 10417 | D:15     | Received a gift from Okawaru
 10418 | D:15     | Got a faintly humming chain mail {god gift}
 10429 | D:15     | Identified the +1 chain mail "Kayxawn" {rC+} (Okawaru gifted it to you on level 15 of the Dungeon)
 10625 | D:15     | Noticed a spark wasp
 10628 | D:15     | a spark wasp changed into a satyr
 10637 | D:15     | Noticed an entropy weaver
 10637 | D:15     | a queen ant changed into an entropy weaver
 10639 | D:15     | Killed an entropy weaver
 10647 | D:15     | Gained mutation: You are frail. (-10% HP) [mutagenic meat]
 10648 | D:15     | Gained mutation: You are weak. (Str -2) [mutagenic meat]
 10650 | D:15     | Gained mutation: Your mind is very acute. (Int +4) [mutagenic meat]
 10651 | D:15     | Lost mutation: Your body sometimes deteriorates upon taking damage. [potion of mutation]
 10651 | D:15     | Lost mutation: Your mind is very acute. (Int +4) [potion of mutation]
 10651 | D:15     | Lost mutation: Your mind is acute. (Int +2) [potion of mutation]
 10651 | D:15     | Gained mutation: You have very sharp fingernails. [potion of mutation]
 10651 | D:15     | Gained mutation: You have large cloven feet. [potion of mutation]
 10652 | D:15     | Lost mutation: You occasionally shout uncontrollably at your foes. [potion of mutation]
 10652 | D:15     | Lost mutation: You are frail. (-10% HP) [potion of mutation]
 10652 | D:15     | Gained mutation: You are very weak. (Str -4) [potion of mutation]
 10652 | D:15     | Gained mutation: Your flesh is heat resistant. (rF+) [potion of mutation]
 10719 | D:15     | Reached XP level 14. HP: 32/77 MP: 7/15
 10895 | D:14     | Reached skill level 14 in Axes
 10981 | D:15     | Paralysed by a great orb of eyes for 5 turns
 10991 | D:15     | Reached skill level 1 in Long Blades
 11011 | D:15     | Found a staircase to the Depths.
 11053 | D:15     | Lost mutation: You have a pair of small horns on your head. [mutagenic meat]
 11054 | D:15     | Gained mutation: You are partially covered in thin metallic scales. (AC +2) [mutagenic meat]
 11055 | D:15     | Gained mutation: Armour fits poorly on your strangely shaped body. [mutagenic meat]
 11056 | D:15     | Gained mutation: You are clumsy. (Dex -2) [mutagenic meat]
 11064 | Depths:1 | Entered Level 1 of the Depths
 11064 | Depths:1 | Noticed a stone giant
 11176 | Lair:1   | Entered Level 1 of the Lair of Beasts
 11176 | Lair:1   | Noticed Erica
 11188 | Lair:1   | Killed Erica
 12193 | Lair:2   | Reached skill level 10 in Fighting
 12254 | Lair:2   | Found a hole to the Spider Nest.
 12258 | Lair:2   | Received a gift from Okawaru
 12634 | Lair:3   | Found a labyrinth entrance.
 12688 | Lab      | Entered a labyrinth
 15960 | Lair:3   | Reached skill level 1 in Evocations
 17138 | Lair:4   | Reached XP level 15. HP: 78/83 MP: 16/16
 17246 | Lair:4   | Slain by a seven-headed hydra

Vault maps used:
D:1:      scummos_arrival_gate
D:2:      grunt_temple_overflow_open, uniq_robin
D:3:      lemuel_round_altar, lemuel_coloured_pillars_altar, first_bread,
          uniq_ijyb, uniq_terence
D:4:      serial_shops, nicolae_shop_crystal, uniq_edmund, uniq_blork_the_orc
D:5:      nicolae_overflow_crystal_walls, uniq_grinder
D:6:      serial_undead, serial_undead_e, serial_undead_b, serial_undead_a,
          serial_undead_f, serial_undead_f, serial_undead_c, serial_undead_e,
          serial_undead_d, okawaru_metal_pillars_3
D:7:      temple_fountains, lemuel_blue_sif_altar, uniq_menkaure
D:8:      uniq_pikel
D:9:      special_room
D:10:     minmay_wavy_crystal, orc_0_dummy
D:11:     lair_entry_dummy
D:13:     grunt_vaults_entry_fortified
D:15:     gammafunk_enter_depths_forms
Lair:1:   uniq_erica
Lair:2:   spider_nest_entry_rubble, beast_lair_carwin_2, grunt_megastairs_4
Lair:3:   portal_ice_cave_demonic_guard, lab_entry_generic, st_stairs_13,
          gammafunk_lair_bear_cave
Lair:4:   minmay_shoals_entry_lonely_mermaid, roderic_batcave
Depths:1: lemuel_round_altar, hellmouth_1, st_stairs_12, grunt_ministairs_15,
          grunt_decor_fettered, minmay_misc_feat_plants, grunt_decor_one_mirror,
          statue_in_the_mist_lemuel, kennysheep_path_1, minivault_14,
          kilobyte_rumbling_trees, serial_bayou_shore_b, uniq_asterion
Lab:      nicolae_lab_dead_adventurers

Skill      XL: |  1  2  3  4  5  6  7  8  9 10 11 12 13 14 |
---------------+-------------------------------------------+-----
Axes           | 3 4 5 6 7 9 10 11 12 13 14 | 14.8
Fighting       | 2 3 4 5 6 7 8 9 10 | 10.4
Stealth        | 1 2 3 4 5 |  5.2
Dodging        | 3 4 5 6 7 |  7.1
Armour         | 1 2 3 4 5 6 |  6.9
Shields        | 1 3 4 5 7 9 |  9.1
Throwing       | 2 3 4 5 |  5.3
Maces & Flails | 1 2 |  2.6
Long Blades    | 2 |  2.1
Evocations     | 1 |  1.2

Action                   |  1- 3 |  4- 6 |  7- 9 | 10-12 | 13-15 || total
-------------------------+-------+-------+-------+-------+-------++-------
Melee: War axe           |    97 |    96 |   306 |   538 |   749 ||  1786
       Bite              |    24 |    24 |   118 |   219 |   327 ||   712
       Headbutt          |       |       |    47 |   154 |    98 ||   299
       Flail             |       |       |       |    44 |       ||    44
       Scimitar          |       |       |       |       |    53 ||    53
Throw: Throwing net      |       |       |     1 |     1 |     1 ||     3
       Tomahawk          |       |       |       |    49 |    20 ||    69
       Javelin           |       |       |       |    44 |    14 ||    58
Evoke: Wand              |       |       |     1 |     1 |     1 ||     3
       Lightning rod     |       |       |       |       |     4 ||     4
  Use: Potion            |       |     6 |     1 |     3 |     3 ||    13
       Scroll            |       |       |     2 |     4 |     3 ||     9
 Stab: Sleeping          |     4 |       |       |    10 |     3 ||    17
       Distracted        |       |       |       |     1 |     2 ||     3
  Eat: Chunk             |       |     3 |    15 |    28 |    33 ||    79
       Fruit             |       |       |       |     1 |     2 ||     3
       Meat ration       |       |       |       |       |     1 ||     1
       Bread ration      |       |       |       |       |     1 ||     1
Armor: Leather armour    |    35 |     6 |       |   103 |    38 ||   182
       Ring mail         |       |    22 |   109 |   102 |    24 ||   257
       Chain mail        |       |       |       |       |   232 ||   232
Dodge: Dodged            |    80 |    51 |   175 |   306 |   328 ||   940
Block: Buckler           |     9 |    32 |    81 |   313 |   501 ||   936
       Reflection        |     1 |     1 |     1 |    20 |     9 ||    32
       Rpst.: Scimitar   |       |       |       |       |     6 ||     6

Table legend:
 A = Spawn XP
 B = Non-spawn XP
 C = Spawn XP percentage of total XP
 D = Spawn monster count
 E = Non-spawn monster count
 F = Spawn count percentage of total count
 G = Total turns spent on level
                    A         B        C        D         E        F      G
               +---------+---------+-------+---------+---------+-------+---------
         Total |       0 |   88124 |   0.0 |       0 |     579 |   0.0 | 17246
               +---------+---------+-------+---------+---------+-------+---------
           D:1 |       0 |      37 |   0.0 |       0 |      22 |   0.0 |   688
           D:2 |       0 |      79 |   0.0 |       0 |      32 |   0.0 |   584
           D:3 |       0 |     160 |   0.0 |       0 |      21 |   0.0 |   756
           D:4 |       0 |    1156 |   0.0 |       0 |      19 |   0.0 |   589
           D:5 |       0 |     731 |   0.0 |       0 |       9 |   0.0 |   638
           D:6 |       0 |    1640 |   0.0 |       0 |      43 |   0.0 |   826
           D:7 |       0 |    2163 |   0.0 |       0 |      27 |   0.0 |   853
           D:8 |       0 |    3151 |   0.0 |       0 |      44 |   0.0 |   666
           D:9 |       0 |    1648 |   0.0 |       0 |      47 |   0.0 |   929
          D:10 |       0 |    4420 |   0.0 |       0 |      35 |   0.0 |   870
          D:11 |       0 |    4731 |   0.0 |       0 |      31 |   0.0 |   789
          D:12 |       0 |    5198 |   0.0 |       0 |      38 |   0.0 |   848
          D:13 |       0 |    5060 |   0.0 |       0 |      16 |   0.0 |   518
          D:14 |       0 |    8053 |   0.0 |       0 |      33 |   0.0 |   659
          D:15 |       0 |   22315 |   0.0 |       0 |      51 |   0.0 |   959
        Lair:1 |       0 |    5548 |   0.0 |       0 |      21 |   0.0 |   779
        Lair:2 |       0 |    6031 |   0.0 |       0 |      31 |   0.0 |   634
        Lair:3 |       0 |    6851 |   0.0 |       0 |      22 |   0.0 |  1013
        Lair:4 |       0 |    8041 |   0.0 |       0 |      36 |   0.0 |   547
           Lab |       0 |    1111 |   0.0 |       0 |       1 |   0.0 |  3097
               +---------+---------+-------+---------+---------+-------+---------
